 Dungeon Crawl Stone Soup version 0.31-a0-986-g5e6e4ef867 (webtiles) character file.

Game seed: 11244656372381417051

79 clenchingflame the Poker (level 4, -1/29 (33) HPs)
             Began as a Merfolk Gladiator on Nov 16, 2023.
             Slain by Robin
             ... wielding a +1 dagger of draining
              (2 damage)
             ... on level 2 of the Dungeon.
             The game lasted 00:03:09 (1049 turns).

clenchingflame the Poker (Merfolk Gladiator)        Turns: 1049, Time: 00:03:10

HP:   -1/29 (33)    AC:  4    Str: 16    XL:     4   Next: 38%
MP:   4/4           EV: 13    Int:  7    God:
Gold: 72            SH:  0    Dex: 15    Spells: 3/3 levels left

rFire   . . .        a - +0 trident
rCold   . . .        (no shield)
rNeg    . . .        b - +0 leather armour
rPois   .            c - +0 helmet
rElec   .            (no cloak)
rCorr   .            (no gloves)
SInv    .            (no boots)
Will    .....        (no amulet)
Stlth   +            (no ring)
HPRegen 0.24/turn    (no ring)
MPRegen 0.09/turn

%: no passive effects
@: heavily drained
A: (nimble swimmer 2), mertail
a: no special abilities


You were on level 2 of the Dungeon.
You visited 1 branch of the dungeon, and saw 2 of its levels.

You collected 72 gold pieces.

Inventory:

Hand Weapons
 a - a +0 trident (weapon)
Missiles
 d - 3 throwing nets
 e - a javelin
 h - 15 stones (quivered)
Armour
 b - a +0 leather armour (worn)
 c - a +0 helmet (worn)
Jewellery
 g - an amulet of magic regeneration
Scrolls
 f - a scroll of teleportation {unknown}
 i - a scroll of vulnerability {unknown}
 j - a scroll of identify {unknown}
Potions
 k - a potion of heal wounds {unknown}


   Skills:
 + Level 2.2 Fighting
 * Level 6.7 Polearms
 - Level 2.0 Throwing
 - Level 4.0 Dodging


You had 3 spell levels left.
You didn't know any spells.
Your spell library was empty.

Dungeon Overview and Level Annotations

Branches:
Dungeon (2/15)

Altars:

Annotations:
D:2 Robin


Innate Abilities, Weirdness & Mutations

((You are very nimble when in or above water. (Stealth+, EV+, Speed+++)))
Your lower body shifts to a powerful aquatic tail in water.


Message History

Robin is lightly wounded.
The hobgoblin no longer looks unusually strong.
The goblin barely misses you. Robin closely misses you.
You hit Robin.
Robin is moderately wounded.
The goblin closely misses you.
Robin laughs in a distinctly smug fashion.
Robin hits you with a +1 dagger of draining.
You feel drained.
You barely miss Robin.
Robin is moderately wounded.
The hobgoblin no longer looks unusually strong.
The goblin closely misses you. Robin hits you but does no damage.
You feel drained.
You hit Robin.
Robin is heavily wounded.
The hobgoblin no longer looks unusually strong.
The goblin hits you with a +0 club.
Robin roars a battlecry!
The hobgoblins go into a battle-frenzy!
You hit Robin but do no damage.
Robin is heavily wounded.
The goblin closely misses you.
Robin hits you with a +1 dagger of draining.
* * * LOW HITPOINT WARNING * * *
You feel drained.
* * * LOW HITPOINT WARNING * * *
You hit Robin but do no damage.
Robin is heavily wounded.
The goblin no longer looks unusually strong.
Robin closely misses you. The goblin hits you with a +0 club.
* * * LOW HITPOINT WARNING * * *
You barely miss Robin.
Robin is moderately wounded.
The hobgoblin no longer looks unusually strong.
The goblin hits you with a +0 club.
* * * LOW HITPOINT WARNING * * *
Robin hits you with a +1 dagger of draining.
You die...
Robin calls out, "Let's celebrate!
Time for a feast!"

#################
#.......g@ggg....
#.###.#.###gg....
#.###.#.# ####.
#.....#..
#..#######
#.....# ##.###.#
##...##.#.#
##.#.#.#...#


You could see Robin, 4 hobgoblins and a goblin.

Vanquished Creatures
  Jessica (D:2)
  An adder (D:2)
  A worm (D:2)
  A dart slug (D:2)
  3 endoplasms
  8 goblins
  5 hobgoblins
  4 jackals (D:2)
  6 kobolds
  2 bats
  2 frilled lizards
  2 rats (D:1)
36 creatures vanquished.

Notes
Turn   | Place    | Note
-------+----------+-------------------------------------------
     0 | D:1      | clenchingflame the Merfolk Gladiator began the quest for
                  | the Orb.
     0 | D:1      | Reached XP level 1. HP: 16/16 MP: 1/1
   229 | D:1      | Reached XP level 2. HP: 22/22 MP: 2/2
   275 | D:1      | Reached skill level 5 in Polearms
   823 | D:2      | Reached XP level 3. HP: 16/27 MP: 3/3
   904 | D:2      | Reached skill level 6 in Polearms
   940 | D:2      | Noticed Jessica
   945 | D:2      | Killed Jessica
   946 | D:2      | Reached XP level 4. HP: 33/33 MP: 4/4
  1023 | D:2      | Noticed Robin
  1049 | D:2      | HP: 1/29 [goblin/+0 club[Robin] (4)]
  1049 | D:2      | Slain by Robin

Illustrated notes

Levels and vault maps discovered:
D:1:      spicycebolla_arrival_clurvy, layout_basic, serial_glass,
          glass_columns_c, glass_columns_a, chequers_serial_rivers_micro_b
D:2:      layout_loops_ring, minivault_25, uniq_sigmund, uniq_robin,
          uniq_jessica

Skill      XL: |  1  2  3 |
---------------+----------+-----
Polearms       | 5 6 |  6.7
Fighting       | |  2.2
Throwing       | |  2.0
Dodging        | |  4.0

Action                     |  1- 3 |  4- 6 || total
---------------------------+-------+-------++-------
  Melee: Trident           |    78 |    26 ||   104
  Throw: Stone             |     9 |       ||     9
 Armour: Leather armour    |    21 |    19 ||    40
  Dodge: Dodged            |    34 |    26 ||    60

Table legend: (Time is in decaauts)
 A = Elapsed time spent in this place.
 B = Non-inter-level travel time spent in this place.
 C = Inter-level travel time spent in this place.
 D = Time resting spent in this place.
 E = Time spent auto-exploring this place.
 F = Levels seen in this place.
 G = Mean time per level.
                   A        B        C        D        E       F      G
               +--------+--------+--------+--------+--------+-----+--------+
         Total |   1050 |   1038 |     12 |     29 |    796 |   2 |  525.0 |
       Dungeon |   1050 |   1038 |     12 |     29 |    796 |   2 |  525.0 |
               +--------+--------+--------+--------+--------+-----+--------+

Top non-repeatable levels by time:
     D:1: 735 daAuts
     D:2: 315 daAuts
